 Dungeon Crawl Stone Soup version 0.27.1-37-g7b29ead8ac (console) character file.

Game seed: 8478748991282712065

192 grimtooth the Sneak (level 5, 0/35 HPs)
             Began as a Vampire Enchanter on July 4, 2023.
             Killed from afar by an orc wizard (10 damage)
             ... with a magic dart
             ... on level 3 of the Dungeon.
             The game lasted 00:14:12 (3111 turns).

grimtooth the Sneak (Vampire Enchanter)             Turns: 3111, Time: 00:14:13

Health: 0/35       AC:  2    Str:  7    XL:     5   Next: 42%
Magic:  2/8        EV: 12    Int: 19    God:
Gold:   59         SH:  0    Dex: 14    Spells: 2/8 levels left

rFire    . . .     SeeInvis +   b - +0 dagger (venom)
rCold    . . .     Faith    .   (no shield)
rNeg     + . .     Spirit   .   v - +0 robe {rN+}
rPois    .         Reflect  .   (no helmet)
rElec    .         Harm     .   (no cloak)
rCorr    .         Rampage  .   (no gloves)
Will     .....                  (no boots)
Stlth    +++.......             p - amulet of the acrobat
HPRegen  0.31/turn              (no ring)
MPRegen  0.11/turn              (no ring)

@: healing quickly
A: alive, fangs 3, see invisible, vampiric 2
a: Exsanguinate


You were on level 3 of the Dungeon.
You visited 1 branch of the dungeon, and saw 5 of its levels.

You collected 59 gold pieces.

Inventory:

Hand Weapons
 a - a +1 dagger
 b - a +0 dagger of venom (weapon)
Missiles
 e - 46 stones
 i - 21 sling bullets
 u - 3 boomerangs
Armour
 v - a +0 robe of positive energy (worn)
Jewellery
 p - an amulet of the acrobat (around neck)
Scrolls
 d - a scroll of teleportation {unknown}
 f - a scroll of enchant weapon {unknown}
 g - a scroll of noise {unknown}
 h - 2 scrolls of identify {unknown}
 j - a scroll of blinking {unknown}
 l - a scroll of summoning {unknown}
 m - a scroll of brand weapon {unknown}
 o - a scroll of fear {unknown}
Potions
 c - 2 potions of flight {unknown}
 k - a potion of heal wounds {unknown}
 n - a potion of ambrosia {unknown}
 q - 3 potions of curing {unknown}
 r - a potion of degeneration {unknown}
 t - 2 potions of mutation {unknown}


   Skills:
 * Level 4.2 Short Blades
 - Level 2.1 Dodging
 + Level 6.1 Stealth
 - Level 2.0 Spellcasting
 + Level 5.8 Hexes


You had 2 spell levels left.
You knew the following spells:

 Your Spells              Type           Power      Damage    Failure   Level
a - Corona                Hex            26%        N/A       1%          1
b - Ensorcelled Hibernat  Hex/Ice        24%        N/A       8%          2
z - Confusing Touch       Hex            24%        N/A       4%          3

Your spell library contained the following spells:

 Spells                   Type           Power      Damage    Failure   Level
 Tukima's Dance           Hex            24%        N/A       4%          3
 Dazzling Flash           Conj/Hex       24%        N/A       16%         3


Dungeon Overview and Level Annotations

Branches:
Dungeon (5/15)
 Temple: D:4-7

Altars:


Innate Abilities, Weirdness & Mutations

Your natural rate of healing is accelerated.
You have razor-sharp teeth.
You have supernaturally acute eyesight. (SInv)
You are afflicted with vampirism and can become a bat while bloodless.


Message History

Press: ? - help, Shift-Dir - straight line, f/p - orc wizard
Aim: an orc wizard, wielding a +0 dagger and wearing a +0 robe (chance to affect: 64%)
The orc wizard is outlined in light.
Casting: Corona (safe; 1% risk of failure)
Confirm with . or Enter, or press ? or * to list all spells.
Aiming: Ensorcelled Hibernation (safe; 8% risk of failure)
Press: ? - help, Shift-Dir - straight line, f/p - orc wizard
Aim: an orc wizard, wielding a +0 dagger and wearing a +0 robe (softly glowing, chance to affect: 43%)
Okay, then.
You hit the orc wizard but do no damage.
The orc wizard hits you with a +0 dagger.
You hit the orc wizard but do no damage.
The orc wizard is poisoned.
The orc wizard closely misses you.
You hit the orc wizard but do no damage.
You bite the orc wizard.
The orc wizard is lightly wounded.
The orc wizard closely misses you.
You barely miss the orc wizard. Your bite misses the orc wizard.
The orc wizard is lightly wounded.
You hit the orc but do no damage.
The orc is poisoned.
The orc wizard stops glowing.
The orc shouts!
You hit the orc.
The orc looks as sick as possible!
Your bite misses the orc.
The orc is lightly wounded.
You hit the orc but do no damage.
The orc looks as sick as possible!
The orc is severely wounded.
The orc hits you with a +0 mace.
You kill the orc!
The orc wizard casts a spell at you. The magic dart hits you.
* * * LOW HITPOINT WARNING * * *
Casting: Ensorcelled Hibernation (safe; 8% risk of failure)
Confirm with . or Enter, or press ? or * to list all spells.
Aiming: Ensorcelled Hibernation (safe; 8% risk of failure)
Press: ? - help, Shift-Dir - straight line, f - orc wizard
Aim: an orc wizard, wielding a +0 dagger and wearing a +0 robe (heavily wounded, poisoned, chance to affect: 43%)
The orc wizard resists with some effort.
The orc wizard casts a spell at you. The magic dart hits you!
You die...

.........#########.#..####.##.#
...........................##.#
########.##.#######.#########.#
#...####.##.# #.# #.#
.#..##oo.##.# #.# #.#
..#oo(.#..o.# #.# ####.###
#..#o######o# #.######..†....
##..## #.# #..[.....##.### ####
#.# ####...####.#
#.#########.....###.#
#.oo..@..........(..#
###########.....##### ##...##
#####


You could see an orc wizard (poisoned) and an orc.

Vanquished Creatures
  Jessica (D:3)
  7 gnolls
  3 adders
  2 worms (D:2)
  4 dart slugs
  4 orcs
  3 endoplasms
  4 giant cockroaches
  3 goblins
  2 hobgoblins (D:2)
  4 ball pythons
  12 bats
  5 frilled lizards
  4 kobolds
  6 rats
64 creatures vanquished.

Vanquished Creatures (others)
  2 fungi (D:1)
  7 plants (D:1)
9 creatures vanquished.

Grand Total: 73 creatures vanquished

Notes
Turn   | Place    | Note
-------+----------+-------------------------------------------
     0 | D:1      | grimtooth the Vampire Enchanter began the quest for the
                  | Orb.
     0 | D:1      | Reached XP level 1. HP: 13/13 MP: 3/3
    27 | D:1      | - the very first dude
    78 | D:1      | Found a faded altar of an unknown god.
   331 | D:1      | Reached XP level 2. HP: 16/19 MP: 0/5
   906 | D:1      | Learned a level 2 spell: Ensorcelled Hibernation
   991 | D:2      | Reached skill level 5 in Stealth
   991 | D:2      | Gained mutation: You are afflicted with vampirism and can
                  | become a bat while bloodless. [Vampire growth]
   991 | D:2      | Reached XP level 3. HP: 24/24 MP: 6/6
  1040 | D:2      | Reached skill level 5 in Hexes
  1253 | D:2      | Reached XP level 4. HP: 30/30 MP: 0/7
  2454 | D:2      | Reached XP level 5. HP: 35/35 MP: 8/8
  2643 | D:3      | Noticed Jessica
  2646 | D:3      | Killed Jessica
  2647 | D:3      | Reached skill level 6 in Stealth
  2843 | D:3      | You fall into a shaft and drop 2 floors!
  2843 | D:5      | Entered Level 5 of the Dungeon
  2851 | D:5      | Learned a level 3 spell: Confusing Touch
  3111 | D:3      | Killed from afar by an orc wizard

Illustrated notes

#........'.....<.....+
#.....#######.....####
#.###.# #..#...#..# # #
#.# #.#.#.#.#.#
....###.######..#.#..##
............#####.####
#######.###.# #+# #.#
#.# #.# #.# #.# #.# #.#
#@# #.# #.# #.# #.# #..
+.. #... +..g #....


Turn 27 on D:1: - the very first dude

Levels and vault maps discovered:
D:1:      nzn_arrival_crosshair, layout_basic,
          shapermc_ecumenical_altar_mp_ritualfount
D:2:      layout_loops_ring, hangedman_decor_clover_reticule
D:3:      layout_loops_ring, marbit_many_paths, lemuel_tele_altar, uniq_jessica
D:4:      layout_gridville, ashenzari_conservatory_becter
D:5:      layout_basic, vehumet_statue, serial_shops, shop

Skill      XL: |  1  2  3  4  5 |
---------------+----------------+-----
Short Blades   | 2 3 4 |  4.2
Stealth        | 5 6 |  6.1
Hexes          | 5 |  5.8
Dodging        | |  2.1
Spellcasting   | |  2.0

Action                   |  1- 3 |  4- 6 || total
-------------------------+-------+-------++-------
Melee: Dagger            |    80 |    99 ||   179
       Bite              |     7 |    12 ||    19
 Cast: Corona            |    18 |    14 ||    32
       Ensorcelled Hiber |     6 |    16 ||    22
 Stab: Sleeping          |    13 |    22 ||    35
Armor: Robe              |    18 |    24 ||    42
Dodge: Dodged            |    46 |    90 ||   136
